 Dungeon Crawl Stone Soup version 0.29-a0-284-gf9362112df (webtiles) character file.

Game seed: 14688817570206893749

1431 siradein the Quickloader (level 9, -2/53 HPs)
             Began as a Kobold Hunter on Mar 18, 2022.
             Was an Initiate of Okawaru.
             Slain by a wraith (9 damage)
             ... on level 7 of the Dungeon.
             The game lasted 00:26:22 (8908 turns).

siradein the Quickloader (Kobold Hunter)            Turns: 8908, Time: 00:26:24

Health: -2/53      AC: 19    Str: 15    XL:     9   Next: 3%
Magic:  9/9        EV: 10    Int: 14    God:    Okawaru [......]
Gold:   378        SH:  0    Dex: 15    Spells: 5/8 levels left

rFire   + . .      SeeInvis .   a - +1 hand crossbow
rCold   + . .      Faith    .   (no shield)
rNeg    + + .      Spirit   .   v - +8 chain mail of Love and Death {Harm rN++ Dex-3 Stlth+}
rPois   .          Reflect  .   f - +0 helmet
rElec   .          Harm     +   x - scarf {rC+ rF+}
rCorr   .          Rampage  .   (no gloves)
Will    .....                   k - +0 pair of boots
Stlth   ++........              (no amulet)
HPRegen 0.17/turn               n - +6 ring of strength
MPRegen 0.11/turn               (no ring)

@: slowed, studying Armour, very slow
A: small, no large weapons, nightstalker 3
a: Renounce Religion


You were on level 7 of the Dungeon.
You worshipped Okawaru.
Okawaru was noncommittal.
You visited 2 branches of the dungeon, and saw 8 of its levels.

You collected 378 gold pieces.

Inventory:

Hand Weapons
 a - a +1 hand crossbow (weapon)
Armour
 f - a +0 helmet (worn)
 k - a +0 pair of boots (worn)
 m - a +0 ring mail
 v - the +8 chain mail of Love and Death (worn) {Harm rN++ Dex-3 Stlth+}
   (You found it on level 3 of the Dungeon)

   Dex:       It affects your dexterity (-3).
   rN:        It greatly protects you from negative energy.
   Harm:      It increases damage dealt and taken.
   Stlth:     It makes you more stealthy.
 x - a scarf of resistance (worn)
Jewellery
 n - a +6 ring of strength (left hand)
Wands
 s - a wand of iceblast (4)
 t - a wand of paralysis (6)
 A - a wand of acid (13)
Scrolls
 c - a scroll of immolation
 e - a scroll of amnesia
 h - a scroll of summoning
 j - a scroll of vulnerability {unknown}
 l - 2 scrolls of blinking {unknown}
 o - a scroll of fog {unknown}
 q - a scroll of torment {unknown}
 y - a scroll of teleportation
 B - a scroll of enchant armour {unknown}
 C - a scroll of acquirement {unknown}
 D - a scroll of noise {unknown}
Potions
 b - 2 potions of lignification
 d - 3 potions of haste
 g - 3 potions of curing
 i - 2 potions of brilliance {unknown}
 p - 3 potions of attraction {unknown}
 r - 3 potions of flight {unknown}
 u - 2 potions of mutation {unknown}
 w - a potion of magic {unknown}
 z - a potion of heal wounds {unknown}


   Skills:
 + Level 4.8 Fighting
 * Level 9.3 Crossbows
 + Level 3.3 Armour
 + Level 5.3 Dodging
 + Level 5.8 Stealth
 + Level 0.0 Translocations
 + Level 1.3 Invocations
 + Level 3.3 Evocations


You had 5 spell levels left.
You knew the following spells:

 Your Spells              Type           Power      Damage    Failure   Level
a - Portal Projectile     Hex/Tloc       0%         N/A       100%        3

Your spell library contained the following spells:

 Spells                   Type           Power      Damage    Failure   Level
 Apportation              Tloc           0%         N/A       99%         1
 Sandblast                Erth           0%         2d4       99%         1
 Passwall                 Tmut/Erth      0%         N/A       100%        2
 Stone Arrow              Conj/Erth      0%         3d7       100%        3
 Anguish                  Hex/Necr       0%         N/A       100%        4
 Leda's Liquefaction      Hex/Erth       0%         N/A       100%        4
 Alistair's Intoxication  Tmut/Pois      0%         N/A       100%        5
 Enfeeble                 Hex            0%         N/A       100%        7
 Call Canine Familiar     Summ           Unusable   N/A       N/A         3
 Tukima's Dance           Hex            Unusable   N/A       N/A         3

Dungeon Overview and Level Annotations

Branches:
Dungeon (7/15)             Temple (1/1) D:6

Altars:
Ashenzari
Elyvilon
Hepliaklqana
Okawaru
Ru
Trog
Uskayaw
Vehumet
The Shining One

Annotations:
D:6 1 runed translucent door


Innate Abilities, Weirdness & Mutations

You are small and have problems with some larger weapons.
You are completely attuned to the shadows.


Message History

Aim: a wraith (heavily damaged, 67% to hit)
You shoot a bolt. The bolt closely misses the wraith.
The wraith hits you. The wraith drains your vigour!
You feel as though you will be slow longer.
The wraith hits you but does no damage.
Shoot: a) +1 hand crossbow
Press: ? - help, Q - select action, (/) - cycle Shift-Dir - straight line, f/p - wraith
Aim: a wraith (heavily damaged, 67% to hit)
You shoot a bolt. The bolt hits the wraith.
The wraith is severely damaged.
The wraith hits you but does no damage. The wraith barely misses you.
The wraith hits you but does no damage.
Shoot: a) +1 hand crossbow
Press: ? - help, Q - select action, (/) - cycle Shift-Dir - straight line, f/p - wraith
Aim: a wraith (severely damaged, 67% to hit)
You shoot a bolt. The bolt closely misses the wraith.
The wraith closely misses you. The wraith hits you but does no damage.
Unknown command.
Shoot: a) +1 hand crossbow
Press: ? - help, Q - select action, (/) - cycle Shift-Dir - straight line, f/p - wraith
Aim: a wraith (severely damaged, 67% to hit)
You shoot a bolt. The bolt hits the wraith.
The wraith is severely damaged.
The wraith hits you!
* * * LOW HITPOINT WARNING * * *
The wraith drains your vigour!
You feel as though you will be slow longer.
The wraith closely misses you.
Shoot: a) +1 hand crossbow
Press: ? - help, Q - select action, (/) - cycle Shift-Dir - straight line, f/p - wraith
Aim: a wraith (severely damaged, 67% to hit)
You shoot a bolt.
The bolt hits the wraith but does no damage.
The wraith is severely damaged.
The wraith hits you.
* * * LOW HITPOINT WARNING * * *
The wraith drains your vigour!
You feel as though you will be slow longer.
The wraith hits you!
You die...

...†<.#.#####.#
...#†#.######.#
...........##.#
. .#######.##.#
.. #.#..#
#..#.## #.###.#
#..#.## #.#@#
#..#W# ......#
##.##.# #.#


You could see a wraith.

Vanquished Creatures
  A black bear (D:6)
  2 sky beasts (D:5)
  2 ogres (D:5)
  A centaur (D:6)
  A kobold brigand (D:4)
  A bullfrog (D:7)
  Blork the orc (D:4)
  A gnoll sergeant (D:6)
  2 necrophages
  2 jellies (D:6)
  An orc priest (D:5)
  2 hounds
  2 iguanas (D:5)
  Ijyb (D:4)
  An orc wizard (D:5)
  4 adders
  9 gnolls
  An ufetubus (D:5)
  A worm (D:4)
  2 dart slugs
  15 orcs
  7 endoplasms
  3 giant cockroaches
  18 goblins
  11 hobgoblins
  3 jackals (D:4)
  5 quokkas
  5 ball pythons
  9 bats
  A frilled lizard (D:1)
  15 kobolds
  6 rats
136 creatures vanquished.

Vanquished Creatures (others)
  A plant (D:6)
1 creature vanquished.

Grand Total: 137 creatures vanquished

Notes
Turn   | Place    | Note
-------+----------+-------------------------------------------
     0 | D:1      | siradein the Kobold Hunter began the quest for the Orb.
     0 | D:1      | Reached XP level 1. HP: 12/12 MP: 1/1
   134 | D:1      | Reached XP level 2. HP: 18/18 MP: 2/2
   500 | D:1      | Reached XP level 3. HP: 22/22 MP: 3/3
   741 | D:1      | Found a faded altar of an unknown god.
  1508 | D:2      | Reached skill level 6 in Crossbows
  1833 | D:3      | Reached XP level 4. HP: 22/27 MP: 4/4
  2223 | D:3      | Found a radiant altar of Vehumet.
  2272 | D:3      | Identified the +8 chain mail of Love and Death {Harm rN++
                  | Dex-3 Stlth+}
  2653 | D:4      | You fall into a shaft and drop 2 floors!
  2735 | D:6      | Noticed a centaur
  2793 | D:6      | Noticed a gnoll sergeant
  2826 | D:5      | Entered Level 5 of the Dungeon
  3037 | D:4      | Noticed Blork the orc
  3048 | D:4      | Killed Blork the orc
  3049 | D:4      | Reached XP level 5. HP: 14/32 MP: 5/5
  3342 | D:4      | Reached skill level 1 in Armour
  3342 | D:4      | Reached XP level 6. HP: 37/37 MP: 6/6
  3349 | D:4      | Found a broken altar of Ashenzari.
  3352 | D:4      | Found a sacrificial altar of Ru.
  3376 | D:4      | Found a white marble altar of Elyvilon.
  3379 | D:4      | Found a hide-covered altar of Uskayaw.
  3443 | D:4      | Reached skill level 7 in Crossbows
  4277 | D:4      | Noticed Ijyb
  4286 | D:4      | Killed Ijyb
  4360 | D:5      | Noticed an ogre
  4620 | D:5      | Noticed an ogre
  4990 | D:5      | Reached XP level 7. HP: 40/41 MP: 7/7
  5122 | D:5      | Reached skill level 1 in Evocations
  5567 | D:5      | Reached skill level 8 in Crossbows
  6437 | D:5      | Reached XP level 8. HP: 41/48 MP: 8/8
  6472 | D:5      | Reached skill level 5 in Stealth
  7670 | D:6      | Reached skill level 5 in Dodging
  7687 | D:6      | Found a staircase to the Ecumenical Temple.
  7717 | Temple   | Entered the Ecumenical Temple
  7745 | Temple   | Became a worshipper of Warmaster Okawaru
  7860 | D:6      | Reached skill level 9 in Crossbows
  8475 | D:6      | Reached skill level 1 in Invocations
  8519 | D:6      | Found a runed translucent door.
  8874 | D:7      | Reached XP level 9. HP: 53/53 MP: 9/9
  8878 | D:7      | Learned a level 3 spell: Portal Projectile
  8908 | D:7      | Slain by a wraith

Illustrated notes

Levels and vault maps discovered:
D:1:      nzn_arrival_settlement, layout_basic,
          hellmonk_ecumenical_altar_heavens_door, grunt_decor_mini_mirrors
D:2:      layout_basic, serial_curves, eino_curves_04, eino_curves_02
D:3:      layout_loops_ring, nicolae_vehumet_altar_sigil,
          kennysheep_generic_room_6
D:4:      layout_loops_ring, grunt_temple_overflow_cloverleaf,
          uniq_blork_the_orc, uniq_ijyb
D:5:      layout_layer_cave
D:6:      corexii_shantytown, layout_basic, minmay_temple_entry_stoned_glass,
          ebering_ghost_reflecting_pool, dk_rats_in_the_wall
D:7:      layout_loops_ring, minmay_diced_spiral, uniq_maggie
Temple:   nicolae_temple_great_sept

Skill      XL: |  1  2  3  4  5  6  7  8 |
---------------+-------------------------+-----
Stealth        | 2 3 4 5 |  5.8
Crossbows      | 6 7 8 9 |  9.3
Dodging        | 3 4 5 |  5.3
Fighting       | 3 4 |  4.8
Armour         | 1 2 3 |  3.3
Evocations     | 2 3 |  3.3
Invocations    | 1 |  1.3

Action                   |  1- 3 |  4- 6 |  7- 9 || total
-------------------------+-------+-------+-------++-------
 Fire: Hand crossbow     |    78 |   116 |   264 ||   458
Throw: Throwing net      |       |     1 |       ||     1
Evoke: Wand              |       |     1 |     2 ||     3
  Use: Scroll            |       |     3 |     2 ||     5
Armor: Leather armour    |     4 |       |       ||     4
       Ring mail         |     4 |       |       ||     4
       Chain mail        |       |    60 |   186 ||   246
Dodge: Dodged            |    15 |    63 |    98 ||   176

Table legend: (Time is in decaauts)
 A = Elapsed time spent in this place.
 B = Non-inter-level travel time spent in this place.
 C = Inter-level travel time spent in this place.
 D = Time resting spent in this place.
 E = Time spent auto-exploring this place.
 F = Levels seen in this place.
 G = Mean time per level.
                   A        B        C        D        E       F      G
               +--------+--------+--------+--------+--------+-----+--------+
         Total |   9155 |   8993 |    162 |   1770 |   5557 |   8 | 1144.4 |
       Dungeon |   9118 |   8956 |    162 |   1770 |   5535 |   7 | 1302.6 |
        Temple |     37 |     37 |      0 |      0 |     22 |   1 |   37.0 |
               +--------+--------+--------+--------+--------+-----+--------+

Top non-repeatable levels by time:
     D:4: 2609 daAuts
     D:6: 1914 daAuts
     D:5: 1859 daAuts
     D:1: 944 daAuts
     D:2: 879 daAuts
     D:3: 850 daAuts
     D:7: 61 daAuts
  Temple: 37 daAuts
